 Dungeon Crawl Stone Soup version 0.29.1-15-g9cfb28693d (webtiles) character file.

Game seed: 10830708172629459299

184 112233 the Magician (level 5, -1/28 HPs)
             Began as a Deep Elf Conjurer on Feb 25, 2023.
             Slain by Grinder (5 damage)
             ... on level 4 of the Dungeon.
             The game lasted 00:01:47 (3047 turns).

112233 the Magician (Deep Elf Conjurer)             Turns: 3047, Time: 00:01:47

Health: -1/28      AC:  2    Str:  4    XL:     5   Next: 36%
Magic:  12/17      EV: 12    Int: 25    God:
Gold:   94         SH:  0    Dex: 13    Spells: 16/19 levels left

rFire   + . .      SeeInvis .   (no weapon)
rCold   + . .      Faith    .   (no shield)
rNeg    . . .      Spirit   .   a - +0 robe
rPois   .          Reflect  .   (no helmet)
rElec   .          Harm     .   q - scarf {rC+ rF+}
rCorr   .          Rampage  .   (no gloves)
Will    .....                   (no boots)
Stlth   ++........              (no amulet)
HPRegen 0.09/turn               (no ring)
MPRegen 0.15/turn               (no ring)

@: no status effects
A: no striking features
a: no special abilities


You were on level 4 of the Dungeon.
You visited 1 branch of the dungeon, and saw 4 of its levels.

You collected 94 gold pieces.

Inventory:

Hand Weapons
 k - a +1 dagger of freezing
 l - a +0 quarterstaff
Armour
 a - a +0 robe (worn)
 q - a scarf of resistance (worn)
Jewellery
 g - an amulet of magic regeneration
 h - a +6 ring of intelligence
Scrolls
 b - a scroll of enchant armour {unknown}
 c - 2 scrolls of immolation {unknown}
 f - 6 scrolls of identify {unknown}
 i - 2 scrolls of magic mapping {unknown}
 j - 2 scrolls of vulnerability {unknown}
 o - a scroll of fear {unknown}
Potions
 d - 2 potions of attraction {unknown}
 e - 2 potions of mutation {unknown}
 m - 2 potions of invisibility {unknown}
 n - a potion of flight {unknown}
 p - a potion of lignification


   Skills:
 - Level 2.4 Dodging
 - Level 2.4 Stealth
 + Level 7.6 Spellcasting
 - Level 4.4 Conjurations


You had 16 spell levels left.
You knew the following spells:

 Your Spells              Type           Power      Damage    Failure   Level
a - Magic Dart            Conj           100%       1d8       1%          1
b - Searing Ray           Conj           62%        2d6       1%          2

Your spell library contained the following spells:

 Spells                   Type           Power      Damage    Failure   Level
 Apportation              Tloc           18%        N/A       6%          1
 Necrotise                Necr           36%        1d5       6%          1
 Summon Small Mammal      Summ           36%        N/A       6%          1
 Dazzling Flash           Conj/Hex       40%        N/A       8%          3
 Fulminant Prism          Conj/Hex       10%        3d9       26%         4
 Iskenderun's Mystic Bla  Conj/Tloc      20%        2d6       26%         4


Dungeon Overview and Level Annotations

Branches:
Dungeon (4/15)
 Temple: D:4-7

Altars:

Shops:
D:2 :

Annotations:
D:3 exclusion: 2 downstairs
D:4 Dowan, Duvessa, Grinder


Message History

Where to? (Enter - D:4, ? - help) HP restored.
There is a stone staircase leading down here.
You climb downwards.
Level annotation: Dowan, Duvessa, Grinder Grinder blinks!
There is a stone staircase leading up here.
Grinder is nearby!
Unknown command.
Casting: Magic Dart (safe; 1% risk of failure)
Confirm with . or Enter, or press ? or * to list all spells.
Okay, then.
Casting: Magic Dart (safe; 1% risk of failure)
Confirm with . or Enter, or press ? or * to list all spells.
Aiming: Searing Ray (safe; 1% risk of failure)
Press: ? - help, Shift-Dir - straight line, f - Grinder
Aim: Grinder (77% to hit)
The searing ray misses Grinder. (Press . to maintain the ray.) Grinder gestures at you.
Pain shoots through your body!
The searing ray hits Grinder!
Grinder is lightly wounded.
Unknown command.
The searing ray misses Grinder.
Grinder blinks!
Casting: Searing Ray (safe; 1% risk of failure)
Confirm with . or Enter, or press ? or * to list all spells.
Restarting spell: Searing Ray (safe; 1% risk of failure)
Press: ? - help, Shift-Dir - straight line, f/p - Grinder
Aim: Grinder (lightly wounded, 77% to hit)
The searing ray misses Grinder. (Press . to maintain the ray.) Grinder gestures at you.
You suddenly lose the ability to move!
Grinder hits you!
You writhe in agony.
You can move again.
Grinder hits you!
* * * LOW HITPOINT WARNING * * *
You writhe in agony.
You die...

###
##############@#########
#............5..........
#.###.......##.#........
#.......##.#.######.
#....)..##.#.# .
#.......##.#.# ..
#.......##.#.###ยง##.
+.......+...........
#.......##.#<..#....


You could see Grinder.

Vanquished Creatures
  Terence (D:2)
  3 orc wizards (D:3)
  3 adders
  A worm (D:2)
  10 orcs (D:3)
  4 endoplasms
  2 giant cockroaches
  5 goblins
  4 hobgoblins
  4 kobolds (D:3)
  A quokka (D:1)
  A ball python (D:1)
  6 bats
  3 rats
48 creatures vanquished.

Notes
Turn   | Place    | Note
-------+----------+-------------------------------------------
     0 | D:1      | 112233 the Deep Elf Conjurer began the quest for the Orb.
     0 | D:1      | Reached XP level 1. HP: 10/10 MP: 6/6
   198 | D:1      | Found a faded altar of an unknown god.
   625 | D:1      | Reached XP level 2. HP: 15/15 MP: 5/8
  1014 | D:2      | Reached skill level 4 in Spellcasting
  1083 | D:2      | Found Ethruc's Vocational Training.
  1260 | D:2      | Reached XP level 3. HP: 19/19 MP: 6/11
  1291 | D:2      | Reached skill level 5 in Spellcasting
  1422 | D:2      | Noticed Terence
  1438 | D:2      | Killed Terence
  1679 | D:2      | Learned a level 2 spell: Searing Ray
  2056 | D:3      | Reached XP level 4. HP: 24/24 MP: 11/13
  2060 | D:3      | Reached skill level 6 in Spellcasting
  2486 | D:3      | Reached skill level 7 in Spellcasting
  2486 | D:3      | Reached XP level 5. HP: 28/28 MP: 8/16
  2924 | D:4      | Noticed Duvessa
  2924 | D:4      | Noticed Dowan
  3013 | D:4      | Noticed Grinder
  3044 | D:4      | Paralysed by Grinder for 3 turns
  3047 | D:4      | Slain by Grinder

Illustrated notes

Levels and vault maps discovered:
D:1:      lightli_molten_gateway, layout_loops_corners,
          nicolae_ecumenical_snake_handling
D:2:      layout_basic, nicolae_shop_vocational, uniq_terence
D:3:      layout_basic
D:4:      layout_basic, uniq_grinder, uniq_blork_the_orc, uniq_duvessa

Skill      XL: |  1  2  3  4 |
---------------+-------------+-----
Spellcasting   | 4 5 7 |  7.6
Dodging        | |  2.4
Stealth        | |  2.4
Conjurations   | |  4.4

Action                   |  1- 3 |  4- 6 || total
-------------------------+-------+-------++-------
 Cast: Magic Dart        |    54 |    44 ||    98
       Searing Ray       |       |     7 ||     7
  Use: Potion            |     2 |       ||     2
Armor: Skin              |     5 |       ||     5
Dodge: Dodged            |     2 |     6 ||     8
